[Event "*** SCC Grand Prix: Titled Tuesday Blitz"]
[Site "Chess.com"]
[Date "2020.10.13"]
[Round "6"]
[White "Fh2411"]
[Black "GoltsevDmitry2000"]
[Result "1-0"]
[WhiteElo "2527"]
[BlackElo "2661"]
[TimeControl "180+1"]
[EndTime "11:08:41 PDT"]
[Termination "Fh2411 won by checkmate"]

1. d4 Nf6 2. Nf3 e6 3. Bf4 Bb4+ 4. c3 Ba5 5. Nbd2 O-O 6. e3 c6 7. Bd3 Bc7 8. Bg3 d5 9. Ne5 Nbd7 10. f4 Ne8 11. Qh5 f5 12. Bh4 Nef6 13. Bxf6 Nxf6 14. Qh3 Bxe5 15. fxe5 Ng4 16. O-O Qg5 17. Rae1 Bd7 18. Rf4 b6 19. Nf3 Qh6 20. Qxh6 Nxh6 21. h4 Nf7 22. g4 g6 23. Rf1 h6 24. gxf5 gxf5 25.
Kh2 Kh7 26. Ng1 Rg8 27. Nh3 Rg7 28. Be2 Rag8 29. Rg1 c5 30. Bh5 Nd8 31. Rf2 Nc6 32.
Rxg7+ Rxg7 33. Nf4 Ne7 34. Rg2 Nc6 35. Bg6+ Kg8 36.
Nh5 Re7 37. Nf6+ Kf8 38. Bh5 Rg7 39. Rxg7 Kxg7 40. Nxd7 cxd4 41. exd4 Na5 42. b3 Nc6 43. Kg3 a5 44. Kf4 b5 45. Nc5 Nd8 46. a3 Kf8 47. b4 a4 48. Bg6 Ke7 49. Bh7 Kf7 50. Bxf5 exf5 51. Kxf5 Ke7 52. Kg6 Nf7 53. Kg7 Ke8 54. Nb7 Ke7 55. Nd6 Nd8 56. Kxh6 Ne6 57. Kg6 Nf4+ 58.
Kg5 Ne2 59. Nxb5 Kd7 60. h5 Kc6 61. h6 Kxb5 62. h7 Nxc3 63. h8=Q Kc4 64. e6 Ne4+ 65. Kf4 Nd6 66. Qe5 Ne8 67. e7 Kb3 68. Qb8 Nf6 69. e8=Q Nxe8 70. Qxe8 Kxa3 71. b5 Ka2 72. b6 Ka1 73.
Qxa4+ Kb2 74. b7 Kc3 75. b8=Q Kd2 76. Qb2+ Kd3 77. Qd1+ Kc4 78. Qdc2# 1-0

[Event "*** SCC Grand Prix: Titled Tuesday Blitz"]
[Site "Chess.com"]
[Date "2020.10.13"]
[Round "6"]
[White "IwkooO"]
[Black "BigAl"]
[Result "1/2-1/2"]
[WhiteElo "2648"]
[BlackElo "2514"]
[TimeControl "180+1"]
[EndTime "11:08:41 PDT"]
[Termination "Game drawn by repetition"]

1. e4 c6 2. d4 d5 3. e5 Bf5 4. Nd2 e6 5. Nb3 Nd7 6. Nf3 Ne7 7. Be2 Ng6 8. O-O f6 9. exf6 Qxf6 10. Bg5 Qf7 11. c4 Bd6 12. Bd3 O-O 13. Bxf5 Qxf5 14. Rc1 Rae8 15. Be3 Qh5 16. h3 h6 17. Nfd2 Qh4 18.
Nf3 Qh5 19. Na5 Rb8 20. Nd2 Qh4 21. Qg4 Qxg4 22. hxg4 Nf4 23. Rc2 Ne2+ 24. Kh1 Nf4 25. g3 Ng6 26. Kg2 Rf7 27. f4 Bb4 28. Nab3 Bxd2 29.
Bxd2 Ne7 30. Bb4 dxc4 31. Rxc4 Nd5 32. Bd2 Rbf8 33. Re1 g5 34. Rxe6 gxf4 35. Rxh6 fxg3 36. Rg6+ Kh7 37. Rh6+ Kg7 38. g5 Rf2+ 39. Kxg3 R8f3+ 40. Kg4 Rd3 41. Rc2 Ne3+ 42. Bxe3 Rxc2 43. Rh3 Nb6 44. Bf4 Rxh3 45. Kxh3 Rxb2 46. Nc5 Nd5 47. Be5+ Kg6 48. Ne6 Kf5 49. Nc5 Kxg5 50. Ne4+ Kf5 51. Nd6+ Ke6 52. Nc4 Rxa2 53. Kg4 b5 54. Nd6 Rg2+ 55. Kf3 Rg1 56. Ne4 Rf1+ 57. Ke2 Rf8 58. Nc5+ Kf5 59. Nb7 Re8 60.
Nd6+ Ke6 61. Nxe8 c5 62. Ng7+ Kd7 63. dxc5 Kc6 64. Bd4 Nb4 65. Kd2 Kd5 66. Be3 Na6 67. Nf5 Nxc5 68. Ne7+ Kc4 69. Nc8 a5 70. Nb6+ Kb4 71.
Nd5+ Kc4 72. Nb6+ Kb4 73. Nd5+ Kc4 74. Nb6+ 1/2-1/2

[Event "*** SCC Grand Prix: Titled Tuesday Blitz"]
[Site "Chess.com"]
[Date "2020.10.13"]
[Round "6"]
[White "Slovak_fighter2000"]
[Black "NMZanette"]
[Result "0-1"]
[WhiteElo "2392"]
[BlackElo "2255"]
[TimeControl "180+1"]
[EndTime "11:08:41 PDT"]
[Termination "NMZanette won by checkmate"]

1. d4 f5 2. Bg5 Nf6 3. Bxf6 exf6 4. e3 d5 5. Bd3 c6 6. Nf3 Bd6 7. c4 Be6 8. cxd5 cxd5 9. O-O O-O 10. Nc3 Nc6 11.
a3 Ne7 12. Rc1 a6 13. Ne2 Qb6 14. b4 Rac8 15. Qb3 a5 16. b5 g6 17. a4 Rxc1 18.
Rxc1 Rc8 19. Rxc8+ Nxc8 20. Qc3 Qc7 21. Qxc7 Bxc7 22.
Nd2 Bd6 23. Nf4 Bf7 24. Bc2 Bb4 25. Nf3 Nb6 26. Bb3 Kf8 27. Nd3 Bd6 28. Nc5 Bxc5 29. dxc5 Nd7 30. c6 bxc6 31. bxc6 Nb6 32. Nd4 Be8 33.
c7 Bd7 34. Nb5 Ke7 35. Na7 Kd6 36. c8=Q Bxc8 37. Nb5+ Kc5 38. Kf1 Bd7 39. Nc7 Bxa4 40. Ba2 Bd7 41. Ke2 Na4 42. Kd2 Nb6 43. Na6+ Kb5 44. Nc7+ Kc5 45. Na6+ Kd6 46. Kd3 Bb5+ 47. Kd4 Bxa6 48. f3 Bf1 49. g3 Bg2 50. f4 g5 51.
h4 gxh4 52. gxh4 Be4 53. Bb3 a4 54. Ba2 Bc2 55. Kc3 Bb3 56. Bb1 Ke6 57. Kb4 Nc4 58.
Kc5 Nxe3 59. Bd3 Ng2 60. Bb5 Nxf4 61. Bxa4 Bxa4 62. Kd4 Bc6 63. Ke3 Ke5 64. Kf3 d4+ 65.
Kg3 Be4 66. Kh2 Ng6 67. h5 Nh4 68. h6 Nf3+ 69. Kg3 Ng5 70. Kh4 d3 71. Kg3 Nf7 72.
Kh2 Nxh6 73. Kg3 d2 74. Kh2 d1=Q 75. Kg3 Qg4+ 76. Kh2 Qg2# 0-1

[Event "*** SCC Grand Prix: Titled Tuesday Blitz"]
[Site "Chess.com"]
[Date "2020.10.13"]
[Round "6"]
[White "MFBerna"]
[Black "davidkalashian"]
[Result "0-1"]
[WhiteElo "2398"]
[BlackElo "2575"]
[TimeControl "180+1"]
[EndTime "11:08:42 PDT"]
[Termination "davidkalashian won on time"]

1. e4 c6 2. d4 g6 3. Nc3 Bg7 4. Nf3 d6 5. Be2 Nf6 6. O-O O-O 7. h3 Nbd7 8. Re1 e5 9. dxe5 dxe5 10. a4 Qe7 11. Bc4 Nc5 12. Qe2 Be6 13. b3 Bxc4 14.
Qxc4 Nfd7 15. Ba3 Rfe8 16. Rad1 b6 17. h4 h6 18. g3 Rad8 19. Kg2 Qe6 20. Qxe6 Nxe6 21.
Bd6 Nd4 22. Nxd4 exd4 23. Nb1 c5 24. f4 Nf6 25. Be5 Ng4 26. Bxg7 Ne3+ 27. Rxe3 dxe3 28. Rxd8 Rxd8 29. Bc3 Rd1 30. Na3 a6 31. Kf3 Rg1 32. Nc4 e2 33. Kxe2 Rxg3 34. Be1 Rg2+ 35. Kd3 b5 36.
axb5 axb5 37. Nd6 Rg1 38. Ke2 Rg4 39. Kf3 Rg1 40. Bf2 Rc1 41. Bxc5 Rxc2 42. b4 Rc3+ 43. Kf2 Rh3 44. Nxb5 Rxh4 45. Bd6 g5 46. fxg5 Rxe4 47. gxh6 Kh7 48. Nc3 Rc4 49. Nd5 Rd4 50. Nf6+ Kxh6 51. Bc5 Rc4 52. Kf3 Kg6 53. Nd5 f5 54. Nf4+ Kg5 55.
Be7+ Kh6 56. b5 Rc3+ 57. Ke2 Rb3 58. Bf8+ Kg5 59. Ne6+ Kg4 60. Nd4 Rb2+ 61. Kd3 f4 62. Bc5 f3 63. b6 f2 64. Nc2 f1=Q+ 65. Kc3 Qb5 66. Ne3+ Kf3 0-1

[Event "*** SCC Grand Prix: Titled Tuesday Blitz"]
[Site "Chess.com"]
[Date "2020.10.13"]
[Round "6"]
[White "olksuna"]
[Black "Loy_Konstantin"]
[Result "1-0"]
[WhiteElo "2604"]
[BlackElo "2349"]
[TimeControl "180+1"]
[EndTime "11:08:44 PDT"]
[Termination "olksuna won on time"]

1. e4 c5 2. Nf3 d6 3. d4 cxd4 4. Nxd4 Nf6 5. Nc3 g6 6. Be2 Bg7 7. O-O O-O 8. Re1 Nc6 9. Nb3 Be6 10. Bf1 Rc8 11. Nd5 Bxd5 12. exd5 Ne5 13. c3 Nc4 14.
Rb1 Nb6 15. a4 Nbxd5 16. a5 Nc7 17. Bg5 Ne6 18. Bh4 a6 19. Qf3 Qc7 20. Rbd1 Rfe8 21.
h3 Qc6 22. Qxc6 Rxc6 23. Be2 Rc7 24. Bf3 Kf8 25. Kf1 Nd7 26. Rd5 Ndc5 27. Nxc5 Nxc5 28. Bg5 Nd7 29. Be3 Nf6 30. Rdd1 Nd7 31. Bb6 Nxb6 32.
axb6 Rd7 33. Rd3 Rc8 34. Red1 f5 35. Bd5 Ke8 36. Be6 Rc6 37. Bxd7+ Kxd7 38. g4 Rxb6 39. R1d2 Rc6 40. gxf5 gxf5 41. Rg3 Bf6 42. Rg8 Rc4 43.
Kg2 h5 44. Rb8 Kc7 45. Rg8 h4 46. Rg6 a5 47. Rg8 a4 48. Ra8 b5 49. Kf3 Kc6 50. Re2 Kb7 51. Rg8 b4 52. cxb4 Rxb4 53. Re8 Kc6 54. Kg2 Kd7 55. Ra8 Rxb2 56. Rxb2 Bxb2 57. Rxa4 Bf6 58. Rf4 Ke6 59. Ra4 Ke5 60. Ra5+ d5 61. Ra7 e6 62. Ra2 d4 63. Kf3 Kd5 64. Ra5+ Kd6 65. Ke2 e5 66. f4 exf4 67. Rxf5 Be5 68. Kd3 Ke6 69. Rh5 f3 70. Rxh4 Bg3 71.
Rh8 1-0

[Event "*** SCC Grand Prix: Titled Tuesday Blitz"]
[Site "Chess.com"]
[Date "2020.10.13"]
[Round "6"]
[White "Aygehovit1992"]
[Black "Azatic"]
[Result "1-0"]
[WhiteElo "2633"]
[BlackElo "2489"]
[TimeControl "180+1"]
[EndTime "11:08:45 PDT"]
[Termination "Aygehovit1992 won by resignation"]

1. e4 c5 2. Nc3 e6 3. f4 Nc6 4.
Nf3 Nge7 5. b3 g6 6. Bb2 Bg7 7. h4 h5 8. e5 d6 9. exd6 Nf5 10. Bb5 O-O 11. Bxc6 bxc6 12. Na4 Qxd6 13. Bxg7 Kxg7 14. Ne5 f6 15. Nd3 Qd5 16. Qf3 Nd4 17. Qxd5 cxd5 18.
O-O-O c4 19. Ndc5 cxb3 20. axb3 Ne2+ 21. Kb2 Nxf4 22. g3 Ne2 23. Rhe1 Nxg3 24. Nxe6+ Bxe6 25. Rxe6 Nf5 26. Rh1 Rfe8 27. Ra6 Re2 28. d3 Kh6 29. b4 Rc8 30. Nc5 Nd4 31. Rc1 f5 32. Kc3 Nb5+ 33. Kb3 Rf8 34. c3 f4 35. Rg1 Rg8 36. Ne6 f3 37. Nf4 f2 38. Rf1 Nc7 39.
Rxa7 Rf8 40. Nxe2 Ne6 41. Re7 Rf6 42. Rxe6 Rxe6 43. Rxf2 g5 44. hxg5+ Kxg5 45. Nd4 Re3 46. b5 h4 47. Nf3+ Kg4 48. Nxh4 Kxh4 49. b6 Re6 50. Rf5 Rxb6+ 51. Kc2 Rd6 52. Kd2 Kg4 53. Rf8 Kg5 54.
Ke3 Kg6 55. Kd4 Kg7 56. Rf5 Kg6 57. Rxd5 Ra6 58. c4 Kf6 59. c5 Ke6 60. Re5+ Kd7 61. Kd5 Rh6 62. d4 Kd8 63. c6 Kc7 64. Re7+ Kd8 65. Rd7+ Kc8 66. Kc5 Rh1 67. d5 Rc1+ 68.
Kd6 Rh1 69. Rg7 Rh6+ 70. Kc5 Rh8 71. Kb6 Kb8 72. Rb7+ Ka8 73. Ra7+ Kb8 74. c7+ Kc8 75. Ra8+ Kd7 76. Rxh8 1-0

[Event "*** SCC Grand Prix: Titled Tuesday Blitz"]
[Site "Chess.com"]
[Date "2020.10.13"]
[Round "6"]
[White "Region_07"]
[Black "Roza_Idrisova"]
[Result "0-1"]
[WhiteElo "2315"]
[BlackElo "2173"]
[TimeControl "180+1"]
[EndTime "11:08:45 PDT"]
[Termination "Roza_Idrisova won on time"]

1. d4 d5 2. Bf4 c6 3. Nf3 Qb6 4. e3 Bf5 5. Bd3 Bxd3 6. cxd3 e6 7. O-O Nf6 8. h3 Be7 9. Nbd2 O-O 10. Ne5 Nbd7 11. Rb1 Rfc8 12. Bg5 Qd8 13. Bf4 Nxe5 14. Bxe5 Nd7 15. Bg3 c5 16. dxc5 Nxc5 17. Qe2 Qd7 18. d4 Na6 19. Rfc1 Rxc1+ 20. Rxc1 Rc8 21. Rxc8+ Qxc8 22. Qd1 Nb4 23. a3 Nd3 24. Qb1 Qc1+ 25. Qxc1 Nxc1 26. Kf1 Nd3 27. b4 Kf8 28. Ke2 Nb2 29.
f3 Ke8 30. e4 Kd7 31. Bf4 Kc6 32. Nb1 Kb5 33. Bc1 Nc4 34. Kd3 Kc6 35. Nc3 a6 36. g4 g6 37. f4 f5 38. exf5 exf5 39. gxf5 gxf5 40. Nd1 Bd6 41. Nc3 Bf8 42. Ke2 Bg7 43. Kd3 Nd6 44. Nd1 Kd7 45. Ne3 Ke6 46. Nd1 b5 47. Be3 Ne4 48. Nc3 Nxc3 49. Kxc3 Kf7 50. Kd3 Kg6 51. Ke2 Kh5 52. Kf3 Kh4 53.
Kg2 Bf6 54. Bf2+ Kh5 55. Kf3 Bd8 56. Be3 Bc7 57. Bf2 Bb6 58. Be3 Bc7 59. Bf2 Bd8 60. Be3 a5 61. Bf2 axb4 62. axb4 Be7 63. Be1 Bd6 64. Ke3 Bc7 65. Kf3 Bb6 66. Ke3 Ba7 67. Kd3 Bb8 68. Bg3 Bd6 69. Kc3 Be7 70. Kb3 Bh4 71. Bh2 Bf2 72. Kc3 Kh4 73. Kd3 Kxh3 74. Ke2 Kg2 0-1

[Event "*** SCC Grand Prix: Titled Tuesday Blitz"]
[Site "Chess.com"]
[Date "2020.10.13"]
[Round "6"]
[White "Fischerev7"]
[Black "ExtremeLearner"]
[Result "0-1"]
[WhiteElo "2253"]
[BlackElo "2413"]
[TimeControl "180+1"]
[EndTime "11:08:48 PDT"]
[Termination "ExtremeLearner won on time"]

1. e4 c6 2. d4 d5 3. exd5 cxd5 4. c4 Nf6 5. Nc3 g6 6. cxd5 Bg7 7. Qb3 O-O 8. Be2 Nbd7 9. Bf3 Nb6 10. h3 e6 11.
dxe6 Bxe6 12. Qd1 Nfd5 13. Nge2 Rc8 14. O-O Re8 15. Nxd5 Nxd5 16. Nf4 Nxf4 17. Bxf4 Qxd4 18. Qxd4 Bxd4 19. Bxb7 Rc2 20. Rad1 Bf6 21. a4 Rxb2 22. Bc6 Rc8 23. Bb5 h5 24. Be3 a5 25. Rc1 Rd8 26. Rfd1 Rxd1+ 27. Rxd1 Kg7 28. Rc1 Bb3 29. Bb6 Bxa4 30.
Bxa4 Rxb6 31. Rc5 Rb1+ 32. Kh2 Bd4 33. Rxa5 Bxf2 34. g3 Rb2 35. Rb5 Rd2 36. Kg2 Bd4+ 37. Kf3 Rf2+ 38. Ke4 Bf6 39. Bb3 Bc3 40. Rb7 Be1 41.
g4 h4 42. Ke3 g5 43. Ke4 Kg6 44.
Ke3 Rf4 45. Bc4 Bf2+ 46. Kd3 Bd4 47. Bd5 Be5 48. Be4+ Kg7 49. Bf5 Rd4+ 50. Ke3 Rd6 51. Ke4 Bf4 52. Kf3 Ra6 53. Ke4 Ra4+ 54. Kd5 Ra5+ 55.
Ke4 Kf6 56. Rb6+ Kg7 57. Rb7 Re5+ 58. Kd4 Re1 59. Kd5 Rd1+ 60. Ke4 Bc1 61. Kf3 Rf1+ 62. Ke4 Rf4+ 63. Kd5 Be3 64. Be6 Bd4 65. Bf5 Ba1 66. Be6 Kg6 67. Bf5+ Kg7 68. Be6 Kf8 69. Bf5 Bh8 0-1

[Event "*** SCC Grand Prix: Titled Tuesday Blitz"]
[Site "Chess.com"]
[Date "2020.10.13"]
[Round "6"]
[White "youngKID"]
[Black "GregShahade"]
[Result "1-0"]
[WhiteElo "2820"]
[BlackElo "2641"]
[TimeControl "180+1"]
[EndTime "11:08:50 PDT"]
[Termination "youngKID won by checkmate"]

1. Nf3 Nf6 2. g3 g6 3. Bg2 Bg7 4. c4 d5 5. cxd5 Nxd5 6. O-O Nb6 7. Nc3 Nc6 8. b3 O-O 9. Bb2 a5 10. Qc1 a4 11. Nxa4 Nxa4 12. Bxg7 Kxg7 13. bxa4 Rxa4 14. Qb2+ Kg8 15. Rfc1 Ra7 16. Rc5 Qd6 17. Rac1 Be6 18. a3 Rfa8 19. Ng5 Nd4 20. Bf1 Nb3 21. Nxe6 Qxe6 22.
Bh3 Qxh3 23. Qxb3 c6 24. R5c3 Qd7 25. d3 Qd6 26. Ra1 e6 27. Qb2 Qe7 28. Rb3 h5 29. Rb1 b5 30. Rc1 Qd6 31. Rbc3 Rxa3 32. Rxc6 Qd7 33.
Qxb5 Ra1 34. Qc4 Rxc1+ 35. Qxc1 Qb7 36. h4 Rb8 37. Kh2 Rd8 38. Rc7 Qd5 39. Qf4 Rd7 40. Rc4 Rd8 41. Qf6 Qd7 42. Qe5 Qd5 43. Qf4 e5 44. Qf6 Qd6 45. Qf3 Qe6 46. Rc6 Rd6 47. Rc7 Qf6 48. Kg2 Kg7 49. Qxf6+ Rxf6 50. Re7 Rf5 51.
e4 Rf6 52. Rxe5 Rd6 53. Rd5 Rc6 54. Kf3 Kf6 55. Ke3 Ke6 56. Ra5 Rc1 57. Ra6+ Ke7 58.
d4 Rc3+ 59. Kf4 Rc2 60. f3 Rb2 61. d5 Rd2 62. Ra7+ Kf6 63. e5+ Kg7 64. d6 Rd5 65. Ke4 Rd1 66. Ra3 Re1+ 67. Kd5 Rd1+ 68. Ke4 g5 69.
hxg5 Kg6 70. Rd3 Re1+ 71. Kf4 h4 72. gxh4 Rh1 73. d7 Rxh4+ 74. Ke3 Rh7 75. d8=Q Kf5 76.
Qf6# 1-0

[Event "*** SCC Grand Prix: Titled Tuesday Blitz"]
[Site "Chess.com"]
[Date "2020.10.13"]
[Round "6"]
[White "Meri-Arabidze"]
[Black "m_ezat"]
[Result "1/2-1/2"]
[WhiteElo "2685"]
[BlackElo "2532"]
[TimeControl "180+1"]
[EndTime "11:08:50 PDT"]
[Termination "Game drawn - insufficient material"]

1. d4 Nf6 2. c4 g6 3. Nf3 Bg7 4. g3 O-O 5. Bg2 d6 6. O-O Nc6 7. Nc3 Bg4 8. d5 Bxf3 9. exf3 Na5 10. Qe2 c5 11. Re1 Re8 12. f4 e5 13. dxe6 Rxe6 14.
Be3 Nc6 15. Qd2 Ng4 16. Rad1 Nd4 17. Bxb7 Rb8 18. Bd5 h5 19. h3 Nh6 20. Kg2 Re7 21. Bxd4 Bxd4 22. Nb5 Bg7 23. b3 Rxe1 24. Rxe1 a6 25. Na7 Qd7 26. Nc6 Re8 27. Rxe8+ Qxe8 28. Qe3 Kf8 29. Kf3 Nf5 30. Qxe8+ Kxe8 31. Nb8 a5 32. g4 hxg4+ 33. hxg4 Nd4+ 34. Ke4 Nc2 35. Nc6 Nb4 36. Nxa5 Nxa2 37. g5 Bd4 38. Kf3 Nc1 39. f5 gxf5 40. Kf4 Bxf2 41. Kxf5 Be1 42. Nb7 Ke7 43. Ke4 Nxb3 44. Kf5 Nd4+ 45. Kg4 Nc2 46. Kf5 Bd2 47. g6 Nd4+ 48. Ke4 fxg6 49. Kd3 Bb4 50. Ke4 g5 51. Kd3 g4 52. Ke4 Bd2 53. Kd3 g3 54.
Kxd2 Kf6 55. Ke1 Ke5 56. Kf1 Nf5 57. Kg2 Ne3+ 58. Kxg3 Nxd5 59. cxd5 c4 60. Kf3 Kxd5 61. Ke3 Kc6 62. Na5+ Kb5 63. Nb7 Kc6 64. Nd8+ Kc5 65. Ne6+ Kb4 66. Kd2 d5 67. Kc2 Kb5 68. Kc3 Kc6 69.
Kd4 Kd6 70. Nf4 Kc6 71. Ne2 c3 72. Nxc3 Kd6 73. Nxd5 1/2-1/2

[Event "*** SCC Grand Prix: Titled Tuesday Blitz"]
[Site "Chess.com"]
[Date "2020.10.13"]
[Round "6"]
[White "karwowskikacper"]
[Black "nochewycandy"]
[Result "1/2-1/2"]
[WhiteElo "2342"]
[BlackElo "2536"]
[TimeControl "180+1"]
[EndTime "11:08:51 PDT"]
[Termination "Game drawn by repetition"]

1. g3 e5 2. Bg2 h5 3. h4 Nc6 4.
d3 Bc5 5. e4 d6 6. Nc3 a6 7.
Nh3 Nf6 8. Bg5 Bg4 9. Bf3 Bxf3 10. Qxf3 Nd4 11. Qd1 c6 12. Na4 Ba7 13. c3 Ne6 14. b4 Nxg5 15. hxg5 Ng4 16. Nb2 f6 17. f3 Ne3 18.
Qd2 fxg5 19. Nc4 Nxc4 20. dxc4 g4 21. Ng5 gxf3 22. Nxf3 Qf6 23. Nh4 O-O-O 24. O-O-O Qe6 25. Nf5 Kc7 26. Nxg7 Qxc4 27. Qd3 Qxa2 28. Rhf1 Kb8 29. Qb1 Qc4 30. Qd3 Qa2 31. Nf5 Ka8 32. Qb1 Qxb1+ 33. Kxb1 d5 34. Ne7 Rhe8 35. Ng6 d4 36. c4 Rg8 37. Nxe5 Rxg3 38. c5 Rb3+ 39. Kc2 Rxb4 40. Rf5 Bxc5 41. Nf7 Rf8 42. e5 Bb6 43. e6 Rb5 44. Rxb5 axb5 45. Ra1+ Kb8 46. Rh1 Re8 47. Rxh5 Rxe6 48. Kd3 Rf6 49. Ne5 Rf1 50. Nd7+ Kc8 51. Rh7 Kc7 52. Ne5+ Kd6 53. Nf7+ Kc5 54. Rh5+ Kb4 55.
Nd6 Rf3+ 56. Ke2 Re3+ 57. Kd2 Bc5 58. Nxb7 Ra3 59. Nxc5 Ra2+ 60. Kd3 Ra3+ 61. Kxd4 Ra1 62. Nd3+ Ka4 63. Rc5 b4 64. Rxc6 Rh1 65. Ra6+ Kb3 66. Ra8 Rh4+ 67. Ke3 Rh3+ 68. Kd2 Rh2+ 69. Ke3 Rh3+ 70.
Kd4 Rh4+ 71. Ke3 Rh2 72. Rb8 Rh3+ 73. Ke2 Rh2+ 74. Ke3 Rh3+ 75. Kd4 Rh4+ 76. Kd5 Kc3 77. Nc5 Rh5+ 78. Kc6 Rh6+ 79. Kc7 Rh7+ 80. Kd6 Rh6+ 81. Kd5 Rh5+ 82. Kc6 Rh6+ 83. Kc7 Rh7+ 84. Kd6 Rh6+ 85. Kd5 Rh5+ 1/2-1/2

[Event "*** SCC Grand Prix: Titled Tuesday Blitz"]
[Site "Chess.com"]
[Date "2020.10.13"]
[Round "6"]
[White "Alexander_Zubov"]
[Black "sjam6687"]
[Result "1-0"]
[WhiteElo "2910"]
[BlackElo "2561"]
[TimeControl "180+1"]
[EndTime "11:08:53 PDT"]
[Termination "Alexander_Zubov won on time"]

1. d4 d5 2. Nf3 Nf6 3. c4 c6 4.
Qb3 dxc4 5. Qxc4 Bf5 6. g3 e6 7. Bg2 Be7 8. O-O O-O 9. Nc3 Nbd7 10. Qb3 Qb6 11. Nd2 h6 12. Nc4 Qxb3 13. axb3 a6 14. Na5 Ra7 15. Bxc6 b6 16. Nc4 Rc8 17. Bg2 Bc2 18. Nd2 Rcc7 19. e4 Bb4 20. e5 Ne8 21. Re1 Bxc3 22. bxc3 Rxc3 23. Re3 Rxe3 24. fxe3 Nc7 25.
Kf2 Nb5 26. Bc6 Bd3 27. Nc4 Nc3 28. Bb2 Ne4+ 29. Ke1 Nf8 30. Nd6 f5 31. Rd1 Bc2 32. Rc1 Bd3 33. Nxe4 Bxe4 34. Bxe4 fxe4 35. Rc6 b5 36.
Ba3 a5 37. Bc5 Ra8 38. Kd2 Nd7 39. Ba3 b4 40. Bb2 a4 41. bxa4 Nf8 42. Kc2 Rxa4 43.
Kb3 Ra7 44. Kxb4 Kf7 45. Bc3 Rb7+ 46. Kc4 Nd7 47. Ba5 Rb8 48. Bc7 Rb1 49. d5 Nf8 50.
Bd6 Nd7 51. Rc7 Rc1+ 52. Kd4 Rd1+ 53. Kxe4 exd5+ 54. Kf3 Ke6 55. Ke2 Rb1 56. h4 g5 57.
h5 Nxe5 58. Bxe5 Kxe5 59. Re7+ Kf5 60. Rh7 Kg4 61. Rxh6 Kxg3 62. Rh8 Rh1 63. h6 Kg4 64. h7 Rh6 65. Kd3 Re6 66. Rg8 1-0

[Event "*** SCC Grand Prix: Titled Tuesday Blitz"]
[Site "Chess.com"]
[Date "2020.10.13"]
[Round "6"]
[White "Sanan_Sjugirov"]
[Black "GianmarcoVaR"]
[Result "1-0"]
[WhiteElo "2901"]
[BlackElo "2608"]
[TimeControl "180+1"]
[EndTime "11:08:56 PDT"]
[Termination "Sanan_Sjugirov won by checkmate"]

1. d4 Nf6 2. c4 e6 3. Nf3 b6 4. g3 Bb4+ 5. Bd2 Be7 6. Bg2 Ba6 7. Qc2 Bb7 8. Nc3 c6 9. e4 d5 10. e5 Nfd7 11. cxd5 cxd5 12. O-O O-O 13. h4 Nc6 14. Bg5 Rc8 15. Qd2 Ba6 16. Rfd1 b5 17. Bf1 Qb6 18. Bxe7 Nxe7 19. a3 Rc7 20. b4 Rfc8 21. Rac1 Rc4 22.
Bxc4 Rxc4 23. Ne2 Bb7 24. Nf4 Qc7 25. Nd3 Nb6 26. Nc5 Bc6 27. Qd3 Nf5 28. Kh2 Qe7 29. Kh3 h5 30. Nb3 Ba8 31. Qe2 g6 32. Na5 Rxc1 33.
Rxc1 Nc4 34. Nb3 Kg7 35. Nc5 Bc6 36. Qd3 Qd8 37. Ra1 a5 38. Qc3 a4 39. Rg1 Qe7 40.
Qd3 Kf8 41. Ng5 Ke8 42. Nh7 Kd8 43. Nf6 Kc7 44. Ra1 Qf8 45. Rg1 Qh6 46. Kh2 Qh8 47.
Qc3 Qh6 48. Rd1 Qh8 49. Qc1 Qg7 50. Kg2 Qh8 51. Rd3 Qg7 52. Qg5 Qh8 53. Qf4 Qg7 54.
Na6+ Kb6 55. Nc5 Kc7 56. Rf3 Qh8 57. Kh2 Qg7 58. Rd3 Qh8 59. Qg5 Qg7 60. Kh3 Qh8 61. f3 Kb6 62. Kh2 Kc7 63. Kh3 Kb6 64. g4 hxg4+ 65.
fxg4 Nh6 66. Rf3 Kc7 67. Kg3 Nb6 68. Qf4 Nc4 69. Qc1 Kb6 70. Qg5 Kc7 71. h5 gxh5 72.
Nxh5 Ng8 73. Rxf7+ Kb6 74. Qd8# 1-0

[Event "*** SCC Grand Prix: Titled Tuesday Blitz"]
[Site "Chess.com"]
[Date "2020.10.13"]
[Round "6"]
[White "Orest_Vovk"]
[Black "Gusarov91"]
[Result "0-1"]
[WhiteElo "2407"]
[BlackElo "2579"]
[TimeControl "180+1"]
[EndTime "11:09:02 PDT"]
[Termination "Gusarov91 won by checkmate"]

1. d4 Nf6 2. Bf4 d6 3. e3 g6 4.
h3 Bg7 5. Nf3 c5 6. c3 Qb6 7.
Qb3 Nc6 8. Qxb6 axb6 9. Na3 Nd5 10. Bg3 Nxc3 11. bxc3 Rxa3 12. Kd2 Be6 13. Bd3 O-O 14.
Rhb1 Rfa8 15. Rxb6 Rxa2+ 16. Rxa2 Rxa2+ 17. Kc1 Na5 18.
Nd2 cxd4 19. cxd4 Ra3 20. Bc2 Rc3 21. Kb2 Rc7 22. Be4 f5 23. Bf3 g5 24. Rb5 Nc6 25.
Kb1 Bd7 26. Bd5+ Kf8 27. Rb6 Bf6 28. f3 Kg7 29. Bh2 f4 30. exf4 Bxd4 31. Rb3 gxf4 32.
Bxf4 e5 33. Bg5 Bf5+ 34. Be4 Be6 35. Rb5 h6 36. Bh4 Be3 37. Nf1 Bc5 38. Ng3 Nd4 39.
Rxb7 Rxb7+ 40. Bxb7 d5 41. Nh5+ Kf7 42. g4 Nxf3 43. Bg3 e4 44. Nf4 d4 45. Kc1 Ba3+ 46. Kd1 Bb3+ 47. Ke2 d3+ 48. Nxd3 exd3+ 49. Kxd3 Ng5 50.
h4 Ne6 51. g5 hxg5 52. hxg5 Nxg5 53. Bf4 Ne6 54. Bh2 Bd1 55. Kd2 Bg4 56. Bd5 Ke7 57.
Bxe6 Kxe6 58. Ke3 Bc1+ 59. Kd3 Bf5+ 60. Kd4 Bb2+ 61. Ke3 Kd5 62. Kf4 Bd7 63. Ke3 Bc1+ 64. Ke2 Ke4 65. Kd1 Be3 66. Kc2 Kd4 67. Bb8 Ba4+ 68. Kb2 Bd2 69. Ba7+ Kc4 70. Bb8 Bc3+ 71. Ka3 Bb3 72. Bd6 Bd2 73. Kb2 Bh6 74. Be7 Bg7+ 75.
Ka3 Bd4 76. Bg5 Kc3 77. Be7 Kc2 78. Bf8 Bc3 79. Be7 Be5 80. Bf8 Kc3 81. Be7 Kc4 82. Bf8 Bf6 83. Bd6 Bg5 84. Bf8 Bc1# 0-1

[Event "*** SCC Grand Prix: Titled Tuesday Blitz"]
[Site "Chess.com"]
[Date "2020.10.13"]
[Round "6"]
[White "Fandorine"]
[Black "tornikesanikidze"]
[Result "0-1"]
[WhiteElo "2847"]
[BlackElo "2698"]
[TimeControl "180+1"]
[EndTime "11:09:14 PDT"]
[Termination "tornikesanikidze won by resignation"]

1. Nf3 Nf6 2. g3 g6 3. Bg2 Bg7 4. O-O O-O 5. d3 d5 6. Nbd2 Nc6 7. e4 e5 8. exd5 Nxd5 9. Re1 Re8 10. a4 Ndb4 11.
Nc4 e4 12. dxe4 Qxd1 13. Rxd1 Nxc2 14. Rb1 Be6 15. b3 Rad8 16. Bf4 Rc8 17. Ng5 Bxc4 18. bxc4 h6 19. Nf3 g5 20. Bd2 b6 21. Rdc1 N2d4 22. Nxd4 Nxd4 23. Kf1 Rcd8 24. Be1 c5 25. a5 Rb8 26. axb6 axb6 27. Rd1 Red8 28. Bh3 h5 29. f4 Nc2 30. Bf2 Bd4 31. fxg5 Ra8 32. Rxb6 Bxf2 33.
Rxd8+ Rxd8 34. Kxf2 Rd2+ 35. Kg1 Rd1+ 36. Kf2 Rd2+ 37.
Kf3 Rxh2 38. Bf5 Ne1+ 39. Kf4 Nd3+ 40. Ke3 Ne5 41. Rb5 Nxc4+ 42. Kf3 Rc2 43. Rb8+ Kg7 44. g6 Ne5+ 45. Ke3 Nxg6 46. Rb7 Rc3+ 47. Kf2 Ne5 48. Kg2 c4 49. Rc7 Rc2+ 50. Kh3 Kf6 51. Rb7 c3 52. Rb6+ Kg5 53. Rb8 Nf3 54. Rg8+ Kf6 55. g4 h4 56. g5+ Nxg5+ 57. Kxh4 Ne6 58. Rc8 Rh2+ 59. Kg3 Rc2 60. Kg4 Ke5 61. Rd8 Rc1 62. Rd5+ Kf6 63. e5+ Ke7 64. Ra5 Nd4 65. Ra7+ Kf8 66.
Be4 c2 67. Bxc2 Rxc2 68. Kf4 Ne6+ 69. Kf5 Rf2+ 70. Ke4 Kg7 71. Ra1 Rf4+ 72. Kd5 Kg6 73. Rg1+ Kf5 74. Rh1 Rd4+ 75. Kc6 Kxe5 76. Re1+ Re4 77.
Rf1 f5 78. Kd7 f4 79. Ra1 Nc5+ 80. Kc6 Nd3 81. Ra5+ Kd4 82. Ra4+ Ke3 83. Ra3 f3 84. Ra4 0-1

[Event "*** SCC Grand Prix: Titled Tuesday Blitz"]
[Site "Chess.com"]
[Date "2020.10.13"]
[Round "6"]
[White "Gerodot71"]
[Black "LubovMarkelova"]
[Result "1/2-1/2"]
[WhiteElo "2457"]
[BlackElo "2251"]
[TimeControl "180+1"]
[EndTime "11:09:25 PDT"]
[Termination "Game drawn - insufficient material"]

1. d4 d5 2. c4 c6 3. Nf3 Nf6 4. Nc3 e6 5. e3 Nbd7 6. Be2 Bd6 7. O-O O-O 8. b3 b6 9. Bb2 Bb7 10. Qc2 c5 11. cxd5 Nxd5 12. Nxd5 Bxd5 13. Rad1 cxd4 14. Nxd4 Rc8 15. Qb1 Qe7 16. Nf5 exf5 17. Rxd5 f4 18. Rfd1 fxe3 19. Rxd6 exf2+ 20. Kf1 Nc5 21. Bf3 Rfe8 22.
Kxf2 Qe3+ 23. Kf1 h6 24. Bd4 Qf4 25. Bxc5 bxc5 26. Kg1 Qe3+ 27. Kh1 c4 28. bxc4 Rxc4 29. Rd8 Rc8 30. Rxc8 Rxc8 31. h3 g5 32. Qf5 Rc1 33. Rxc1 Qxc1+ 34. Kh2 Qc7+ 35. g3 Qc4 36. Qd5 Qc2+ 37.
Bg2 Qf2 38. Qd8+ Kg7 39. Qa5 Kg6 40. Qa6+ f6 41. Qd3+ Kg7 42. a3 h5 43. Kh1 Qe1+ 44.
Qf1 Qxg3 45. a4 g4 46. Qg1 Qf4 47. hxg4 hxg4 48. Qxa7+ Kg6 49. Qa5 Qh6+ 50. Kg1 Qc1+ 51. Kf2 Qc2+ 52. Kf1 Qc1+ 53. Kf2 Qc2+ 54. Kg3 f5 55.
Qa7 Kg5 56. Qe3+ Kg6 57. a5 Qc7+ 58. Kh4 Qh7+ 59. Kg3 Qc7+ 60. Qf4 Qxa5 61. Qd6+ Kg5 62. Qe7+ Kg6 63. Kh4 Qb5 64. Qg5+ Kf7 65. Qh5+ Kg7 66.
Kg5 Qe5 67. Qh6+ Kf7 68. Qh7+ Ke6 69. Qg8+ Ke7 70. Qh7+ Ke6 71. Qg6+ Ke7 72. Bc6 Qe3+ 73. Kxf5 Qd3+ 74. Be4 Qb5+ 75. Kf4 Qb8+ 76. Kxg4 Qc8+ 77. Bf5 Qc4+ 78. Kh5 Qe2+ 79. Bg4 Qe5+ 80. Bf5 Qh2+ 81. Kg5 Qg3+ 82. Bg4 Qe5+ 83. Kh4 Qh2+ 84. Bh3 Qf4+ 85. Qg4 Qxg4+ 86. Bxg4 1/2-1/2